 Dungeon Crawl Stone Soup version 0.15.0-27-gbdb0435 (console) character file.

10402 gw the Basher (level 11, -1/87 (93) HPs)
             Began as a Deep Dwarf Berserker on Sept 12, 2014.
             Was an Elder of Trog.
             Succumbed to Erica's bolt of poison
             ... on Level 11 of the Dungeon.
             The game lasted 00:12:02 (10657 turns).

gw the Basher (Deep Dwarf Berserker)               Turns: 10657, Time: 00:12:02

HP  -1/87 (93)   AC 22     Str 21      XL: 11   Next: 35%
MP   1/1         EV  6     Int  8      God: Trog [****..]
Gold 0           SH  0     Dex 13 (15) Spells:  0 memorised, 10 levels left

rFire  . . .     SeeInvis .     A - -2 morningstar (curse)
rCold  + + .     Clarity  .     y - +0 plate armour
rNeg   . . .     rCorr    .     (no shield)
rPois  +         rRot     .     x - +2 helmet
rElec  .         Spirit   .     o - +2 cloak (curse)
SustAb .         Warding  .     H - +0 pair of gloves
rMut   .         Stasis   .     (no boots)
Gourm  .                        q - cursed amulet of inaccuracy
MR     +....                    (no ring)
                                t - ring of protection from cold

@: lethally poisoned, exhausted, non-regenerating, slowed, very slow, somewhat
resistant to hostile enchantments, extremely unstealthy
A: damage resistance, recharge devices, cold resistance 1, frail 1, sense
surroundings 2, poison resistance, slow healing 3
a: Device Recharging, Burn Spellbooks, Berserk, Trog's Hand, Brothers in Arms,
Renounce Religion


You were on level 11 of the Dungeon.
You worshipped Trog.
Trog was greatly pleased with you.
You were very hungry.

You visited 1 branch of the dungeon, and saw 11 of its levels.

Inventory:

Hand weapons
 a - a +0 dire flail
 b - a +0 hand crossbow
 A - a cursed -2 morningstar (weapon)
Missiles
 i - 5 bolts
 j - 24 bolts of flame
Armour
 o - a cursed +2 cloak (worn)
 x - a +2 helmet (worn)
 y - a +0 plate armour (worn)
 H - a +0 pair of gloves (worn)
Magical devices
 c - a wand of heal wounds (2)
 g - a wand of enslavement (2)
 h - a wand of digging (13)
 p - a wand of teleportation (2)
 v - a wand of digging (10)
 w - a wand of flame (4)
 G - a wand of cold (7) {unknown}
Comestibles
 d - 2 bread rations
 f - 2 meat rations
 l - 4 beef jerkies
 u - 8 royal jellies
 z - 5 fruits
 E - a chunk of orc flesh
Scrolls
 e - 5 scrolls of identify
 s - a scroll of blinking
 D - 2 scrolls of teleportation
Jewellery
 k - an uncursed amulet of clarity {unknown}
 q - a cursed amulet of inaccuracy (around neck)
 r - an uncursed amulet of rage {unknown}
 t - a ring of protection from cold (left hand)
Potions
 n - a potion of invisibility
 B - 2 potions of poison {unknown}
Books
 m - a book of Clouds

   Spells                             Type                      Level
   Mephitic Cloud                     Conjuration/Poison/Air       3
   Conjure Flame                      Conjuration/Fire             3
   Poisonous Cloud                    Conjuration/Poison/Air       6
   Freezing Cloud                     Conjuration/Ice/Air          6
   Ring of Flames                     Charms/Fire                  7
   Trog disapproves of the use of such an item.
 C - a book of Geomancy

   Spells                             Type                      Level
   Sandblast                          Earth                        1
   Stoneskin                          Transmutation/Earth          2
   Passwall                           Transmutation/Earth          3
   Stone Arrow                        Conjuration/Earth            3
   Petrify                            Transmutation/Earth          4
   Lee's Rapid Deconstruction         Earth                        5
   Trog disapproves of the use of such an item.
 F - a Necronomicon {highlevel, unknown}

   This book is beyond your current level of understanding.

   Spells                             Type                      Level
   Haunt                              Necromancy/Summoning         7
   Borgnjor's Revivification          Necromancy                   8
   Death's Door                       Charms/Necromancy            8
   Necromutation                      Transmutation/Necromancy     8
   Trog disapproves of the use of such an item.


   Skills:
 + Level 8.6 Fighting
 * Level 13.0 Maces & Flails
 + Level 0.4 Crossbows
 + Level 9.9 Armour
 - Level 2.1 Dodging


You had 10 spell levels left.
You didn't know any spells.

Dungeon Overview and Level Annotations

Branches:
Dungeon (11/15)            Temple (0/1) D:5            Lair (0/8) D:9
    Orc: D:9-12

Altars:
Dithmenos
Fedhas
Kikubaaqudgha
Nemelex Xobeh
Okawaru
Sif Muna
Trog
Xom
The Shining One

Shops:
D:4 (   D:8 !   D:10 ?=

Annotations:
D:11 Erica


Innate Abilities, Weirdness & Mutations

You are resistant to damage.
You can recharge devices by infusing magical energy.
You passively map the area around you.
You do not heal naturally.
Your flesh is cold resistant.
You are frail (-10% HP).
Your system is resistant to poisons.


Message History

You feel less resistant to hostile enchantments.
Something hits you. Something burns you.
MOVING TO (4,0)
You miss something. Something hits you but does no damage.
You hear some strange, mumbled words.
The orb of energy hits you!
MOVING TO (3,0)
You miss something. Something hits you but does no damage.
MOVING TO (2,0)
You miss something.
You hear some strange, mumbled words.
The bolt of poison hits you!
You are more poisoned.
MOVING TO (1,0)
You miss something.
You feel very sick. Something hits you! Something burns you.
MOVING TO (8,0)
Your plate armour prevents you from hitting something.
You die...

..#................... , ,
..#...................... , ,
..'......................# ,
..#......................+ ,
..#+########............, ,,,
, ..#.......##............#* ,
, ..'.......##.......##'###
..#.......##.......##)..##...
,
..#.............g{.((...'....,
###.....(.##.........%..#....,
.##.......##....(..<....#,
..>....(..##....##.##...# ,
..........###'####.#*#'##*, ,
...\.......#... *..., ..#* , ,
......(...)'.. '.... ..# , , ,
###))..(...#.. #.... ... , , ,
, #.).....##,. *#.. ,, **,, ,,


There were no monsters in sight!

Table legend:
 A = Turns spent in this place as a percentage of turns spent in the entire game.
 B = Non-inter-level travel turns spent in this place as a percentage of non-inter-level travel turns spent in the entire game.
 C = Inter-level travel turns spent in this place as a percentage of turns spent in this place.
 D = Turns resting spent in this place as a percentage of non-inter-level travel turns spent in this place.
 E = Turns spent auto-exploring this place as a percentage of non-inter-level travel turns spent in this place.
 F = Non-inter-level travel turns spent in this place divided by the number of levels of this place that you've seen.
                   A       B       C       D       E      F
               +-------+-------+-------+-------+-------+----------------------
         Total | 100.0 | 100.0 |   0.9 |   0.4 |   8.7 | 580.8
       Dungeon | 100.0 | 100.0 |   0.9 |   0.4 |   8.7 | 580.8
               +-------+-------+-------+-------+-------+----------------------

Table legend:
 A = Kills in this place as a percentage of kills in entire the game.
 B = Kills by you in this place as a percentage of kills by you in the entire game.
 C = Kills by friends in this place as a percentage of kills by friends in the entire game.
 D = Other kills in this place as a percentage of other kills in the entire game.
 E = Experience gained in this place as a percentage of experience gained in the entire game.
 F = Experience gained in this place divided by the number of levels of this place that you have seen.
                   A       B       C       D       E      F
               +-------+-------+-------+-------+-------+----------------------
         Total | 100.0 | 100.0 | 100.0 | 100.0 | 100.0 | 1350.9
       Dungeon | 100.0 | 100.0 | 100.0 | 100.0 | 100.0 | 1350.9
               +-------+-------+-------+-------+-------+----------------------

Vanquished Creatures
  An unseen horror (D:10)
  Pikel (D:6)
  A hill giant (D:10)
  A centaur zombie (D:11)
  Grinder (D:4)
  A queen bee (D:10)
  2 trolls
  A two-headed ogre (D:8)
  Eustachio (D:5)
  2 hippogriffs
  A water moccasin (D:9)
  Edmund (D:4)
  5 ice beasts
  4 orc warriors
  A phantom (D:4)
  A necrophage (D:11)
  2 sky beasts
  3 ogres
  Duvessa (D:4)
  3 centaurs
  7 giant frogs
  2 jellies
  5 scorpions
  A wight (D:7)
  A yak skeleton (D:7)
  An electric eel (D:9)
  18 killer bees
  A goliath beetle (D:9)
  Dowan (D:4)
  A quasit (D:5)
  10 crimson imps
  2 orc priests
  Crazy Yiuf (D:3)
  4 iguanas
  8 hounds
  An iron imp (D:5)
  12 worker ants
  12 orc wizards
  A mummy (D:9)
  2 orc zombies
  7 adders
  A green rat (D:5)
  4 gnolls (D:3)
  2 shadow imps (D:5)
  A white imp (D:5)
  3 giant mites
  4 worms
  7 giant geckos
  2 oozes
  48 orcs
  A ball python (D:1)
  14 bats
  7 giant cockroaches
  15 hobgoblins
  11 jackals
  16 kobolds
  6 quokkas
  6 giant newts
  10 goblins
  A hobgoblin skeleton (D:5)
  An orc skeleton (D:5)
  14 rats
  11 ballistomycetes (D:7)
317 creatures vanquished.

Vanquished Creatures (collateral kills)
  Erolcha (D:10)
  2 hill giants
  A cyclops (D:11)
  The ghost of gw the Cudgeler, an experienced DDBe of Trog (D:6)
  A wolf (D:9)
  3 orc warriors
  2 ogres
  A centaur (D:9)
  A giant frog (D:11)
  2 wights (D:7)
  An electric eel (D:9)
  2 killer bees
  A centaur zombie (D:9)
  3 hounds (D:9)
  An iguana (D:9)
  6 orcs
  A jackal (D:9)
  A kobold (D:10)
31 creatures vanquished.

Vanquished Creatures (others)
  A two-headed ogre (D:9)
  A slave (D:6)
  An ogre (D:7)
  A scorpion (D:6)
  An adder (D:6)
  A goblin (D:6)
  2 jackals (D:6)
  A kobold (D:6)
  3 giant spores (D:7)
  A rat (D:6)
13 creatures vanquished.

Grand Total: 361 creatures vanquished

Notes
Turn   | Place    | Note
--------------------------------------------------------------
     0 | D:1      | gw, the Deep Dwarf Berserker, began the quest for the Orb.
     0 | D:1      | Reached XP level 1. HP: 20/20 MP: 1/1
   263 | D:1      | Reached XP level 2. HP: 17/27 MP: 2/2
   525 | D:1      | Acquired Trog's second power
   988 | D:2      | Reached XP level 3. HP: 17/34 MP: 3/3
  1143 | D:2      | Reached skill level 4 in Maces & Flails
  1225 | D:2      | Reached XP level 4. HP: 37/42 MP: 4/4
  1744 | D:3      | Reached XP level 5. HP: 42/49 MP: 5/5
  1883 | D:3      | Noticed Crazy Yiuf
  1891 | D:3      | Killed Crazy Yiuf
  2107 | D:3      | Reached skill level 5 in Maces & Flails
  2122 | D:3      | Found a shimmering altar of Xom.
  2133 | D:3      | Found a shimmering altar of Xom.
  2135 | D:3      | Found a shimmering altar of Xom.
  2152 | D:3      | Found a shimmering altar of Xom.
  2153 | D:3      | Found a shimmering altar of Xom.
  2164 | D:3      | Found a shimmering altar of Xom.
  2379 | D:3      | Found a deep blue altar of Sif Muna.
  2438 | D:4      | Acquired Trog's third power
  2457 | D:4      | Noticed Grinder
  2488 | D:4      | Paralysed by something for 5 turns
  2506 | D:4      | Killed Grinder
  2506 | D:4      | Reached skill level 6 in Maces & Flails
  2506 | D:4      | Reached XP level 6. HP: 47/57 MP: 6/6
  2531 | D:4      | Noticed a phantom
  2594 | D:4      | Killed a phantom
  2594 | D:4      | Reached XP level 7. HP: 48/66 MP: 6/6
  2637 | D:4      | Noticed Dowan
  2639 | D:4      | Noticed Duvessa
  2647 | D:4      | Killed Duvessa
  2650 | D:4      | Killed Dowan
  2768 | D:4      | Found a sparkling altar of Nemelex Xobeh.
  2806 | D:4      | Reached skill level 5 in Armour
  2971 | D:4      | Noticed an ogre
  2978 | D:4      | Killed an ogre
  2978 | D:4      | Reached skill level 7 in Maces & Flails
  3040 | D:4      | Found a deep blue altar of Sif Muna.
  3043 | D:4      | Found a shadowy altar of Dithmenos.
  3046 | D:4      | Found an iron altar of Okawaru.
  3052 | D:4      | Found a blossoming altar of Fedhas.
  3231 | D:4      | Reached skill level 5 in Fighting
  3308 | D:4      | Found Sinanium's Antique Weapon Shop.
  3316 | D:4      | Noticed Edmund
  3320 | D:4      | Noticed an orc warrior
  3331 | D:4      | Reached XP level 8. HP: 48/74 MP: 7/7
  3370 | D:4      | Killed Edmund
  3388 | D:4      | HP: 1/74 [orc warrior/halberd (9)]
  3392 | D:4      | Killed an orc warrior
  3594 | D:5      | Entered Level 5 of the Dungeon
  3661 | D:5      | Reached skill level 8 in Maces & Flails
  4451 | D:5      | Found an ancient bone altar of Kikubaaqudgha.
  4451 | D:5      | Found a bloodstained altar of Trog.
  4551 | D:5      | Noticed Eustachio
  4653 | D:5      | Killed Eustachio
  4714 | D:5      | Found a staircase to the Ecumenical Temple.
  5041 | D:6      | Noticed Pikel
  5060 | D:6      | Killed Pikel
  5060 | D:6      | Reached skill level 9 in Maces & Flails
  5060 | D:6      | Gained mutation: You passively map the area around you. [level up]
  5060 | D:6      | Reached XP level 9. HP: 82/82 MP: 5/5
  5304 | D:6      | Noticed gw's ghost (experienced DDBe)
  5311 | D:6      | Killed gw's ghost
  5342 | D:6      | Found a glowing golden altar of the Shining One.
  6465 | D:7      | Reached skill level 10 in Maces & Flails
  7740 | D:8      | Found Froroang's Distillery.
  7869 | D:8      | Reached XP level 10. HP: 52/94 MP: 6/6
  8272 | D:9      | Reached skill level 11 in Maces & Flails
  8317 | D:9      | Found a staircase to the Lair.
  8405 | D:9      | Found a deep blue altar of Sif Muna.
  8965 | D:10     | Entered Level 10 of the Dungeon
  8987 | D:10     | Noticed Erolcha
  8987 | D:10     | Noticed a hill giant
  8996 | D:10     | Killed Erolcha
  9001 | D:10     | Killed a hill giant
  9116 | D:10     | Reached skill level 12 in Maces & Flails
  9172 | D:10     | Found Stroidgha's Magic Scroll Shoppe.
  9383 | D:10     | Killed an unseen horror
  9547 | D:10     | Reached XP level 11. HP: 35/103 MP: 3/3
  9868 | D:10     | Noticed a hill giant
  9884 | D:10     | Killed a hill giant
  9958 | D:10     | Found Futaokhla's Jewellery Shop.
 10129 | D:10     | Gained mutation: Your flesh is cold resistant. [potion of mutation]
 10129 | D:10     | Gained mutation: Your system is resistant to poisons. [potion of mutation]
 10129 | D:10     | Gained mutation: You are frail (-10% HP). [potion of mutation]
 10172 | D:11     | Received a gift from Trog
 10475 | D:11     | Found a labyrinth entrance.
 10495 | D:11     | Noticed a hill giant
 10496 | D:11     | Killed a hill giant
 10615 | D:11     | Noticed Erica
 10636 | D:11     | Reached skill level 13 in Maces & Flails
 10656 | D:11     | HP: 1/87 [something (6)]
 10657 | D:11     | Succumbed to Erica's bolt of poison

Action                   |  1- 3 |  4- 6 |  7- 9 | 10-12 || total
-------------------------+-------+-------+-------+-------++-------
Melee: Mace              |   136 |    64 |       |       ||   200
       Morningstar       |       |   104 |   165 |   106 ||   375
       Dire flail        |       |       |   703 |   745 ||  1448
Invok: Trog's Hand       |     1 |     3 |     7 |     6 ||    17
       Berserk           |       |     1 |     6 |     2 ||     9
       Brothers in Arms  |       |       |     3 |     5 ||     8
 Abil: Device Recharging |       |     1 |     3 |     6 ||    10
Evoke: Wand              |     2 |     3 |    23 |    35 ||    63
  Use: Scroll            |     3 |     3 |    11 |     2 ||    19
       Potion            |     3 |     1 |     6 |     4 ||    14
  Eat: Chunk             |     2 |     2 |    17 |    15 ||    36
       Bread ration      |       |     1 |     2 |       ||     3

Vault maps used:
D:1:      lightli_arrival_maybe_door_vault, lexackson_kobold_supper
D:3:      xom_redecorated, led_sif_pool, uniq_crazy_yiuf_cottage
D:4:      grunt_temple_overflow_cloverleaf, nemelex_deck, serial_shops,
          shop_statue, dk_noncrumbling_4, uniq_edmund, uniq_duvessa,
          uniq_grinder
D:5:      gammafunk_temple_overflow_elements, temple_hall, first_bread,
          enter_ossuary_5, uniq_eustachio
D:6:      nicolae_tso_swordbearing_angel, uniq_pikel
D:8:      serial_shops, kennysheep_little_box
D:9:      erik_lair_island, basic_altar
D:10:     wad_pebble_path, serial_shops, nicolae_shop_statue_plus,
          nicolae_shop_window_shopping, david_nohive_1,
          minmay_tree_intersection, uniq_erolcha
D:11:     david_orc_5, lab_entry_generic, uniq_erica
